Unix NetHack Version 5.0.0-0 post-release - last build May  3 2026 23:40:34 (9823c992c0763bbd039eca2974112f46eaf799b3,branch:main).

Game began 2026-05-04 00:24:44, ended 2026-05-04 01:21:43.

Kwijibo4686, neutral female human Valkyrie

                     -----------------------------------------------------
                     |........).)..)).).^..)).......*....................|
                     |..----------------------------[..---.--.----------.|
                     |..|..........................|...| ---|`|   -----|.|
                     |...............<.............|..)---|%|`--- |...||.|
                    gE@.|.........)..........).[.*)---....|)....|--...||.|
                   ..|..|...................*........|....|..-|-|.....||.|
                   .----------------------------------..---..|..|..--- |.|
                  .. |......(...........................|....|..|..|   |.|
                     |..------------------------------..-----|..|..|   |.|
                     |..|     -----------------------|...... |---..-----.|
                     |..|     |......................|--.----|...........|
                     |.%-------.|.-------------------- |.|...|------------
                     |....%)%%..|.---------------------|.|.{.-------------
            --------------------|......`...............|.|............*..|
            |................%.[|[---------------------|.---------------.|
            |........*............|                    |.................|
            -----------------------                    -------------------
Kwijibo4686 the Fighter     St:17 Dx:14 Co:18 In:8 Wi:9 Ch:12  Neutral
Dlvl:13 $:44 HP:0(78) Pw:20(20) AC:-6 Xp:8 T:5310  Satiated

Latest messages:
 The massive hammer hits!  Lightning strikes the iguana!
 You kill the iguana!
 You see here 2 green gems.
 There are several objects here.
 In what direction? <esc>
 In what direction? 4
 You kick a crossbow bolt.
 You kick at empty space.
 In what direction? 4
 You kick an arrow.
 You kick an arrow.
 You kick at empty space.
 Really step onto that squeaky board? [yn] (n) y
 A board beneath you squeaks a D flat loudly.
 You see here 2 arrows.
 You see here 3 arrows.
 You see here 2 arrows.
 You see here an arrow.
 You find a hidden door.
 This door is locked.
 Unlock it with your lock pick? [ynq] (q) q
 What do you want to use or apply? [adrsyIN or ?*] ?
 In what direction? 4
 Unlock it? [ynq] (q) y
 The giant zombie smashes down a door.
 You stop picking the lock.
 In what direction? 4
 This door is broken.
 The massive hammer hits!  Lightning strikes the giant zombie!
 The massive hammer hits!  Lightning strikes the giant zombie!
 You destroy the giant zombie!
 There is a broken door here.
 You see here a giant corpse.
 The massive hammer hits!  Lightning strikes the fire elemental!
 You are suddenly very hot!
 The fire elemental hits!
 You're on fire!
 The massive hammer hits!  Lightning strikes the fire elemental!
 You are suddenly very hot!
 The fire elemental hits!
 You avoid harm.
 There is a broken door here.
 You see here a giant corpse.
 The gargoyle hits!
 The gargoyle just misses!
 The gargoyle misses!
 You miss the fire elemental.
 You are suddenly very hot!
 You die...
 Do you want your possessions identified? [ynq] (y) q

Inventory:
 Coins    ('$')
  $ - 44 gold pieces
 Weapons  (')')
  M - a poisoned +0 dart
  L - the rustproof +0 Mjollnir (weapon in right hand)
 Armor    ('[')
  W - a blessed +3 dwarvish iron helm (being worn)
  U - an uncursed +0 pair of kicking boots (being worn)
  c - an uncursed +3 small shield (being worn)
  Z - an uncursed +0 dwarvish mithril-coat (being worn)
 Comestibles  ('%')
  o - an uncursed lizard corpse
 Scrolls  ('?')
  K - an uncursed scroll of charging
 Rings    ('=')
  O - an uncursed ring of free action
 Wands    ('/')
  N - a wand of light (0:10)
  s - a wand of magic missile (0:4)
 Tools    ('(')
  a - an uncursed bag of holding containing 31 items
  y - a bag of tricks (0:6)
  r - an uncursed lock pick
  d - a cursed magic lamp (lit)
  I - a +0 pick-axe

Contents of the bag of holding:
  401 gold pieces
  an uncursed +0 pair of elven boots
  an uncursed apple
  5 uncursed food rations
  an uncursed fortune cookie
  an uncursed tripe ration
  2 uncursed tins of gelatinous cube
  a blessed scroll of create monster
  an uncursed scroll of create monster
  an uncursed scroll of stinking cloud
  a cursed scroll of gold detection
  a blessed scroll of fire
  an uncursed scroll of fire
  an uncursed scroll of identify
  an uncursed spellbook of protection
  an uncursed spellbook of wizard lock
  an uncursed potion of full healing
  an uncursed potion of blindness
  an uncursed potion of sleeping
  an uncursed potion of object detection
  an uncursed potion of levitation
  a cursed potion of booze
  4 uncursed potions of booze
  2 blessed potions of booze
  an uncursed potion of acid
  an uncursed ring of cold resistance
  an uncursed partly used tallow candle
  an uncursed partly used wax candle
  2 uncursed tallow candles
  an uncursed skeleton key
  an uncursed credit card

Kwijibo4686 the Valkyrie's attributes:

Background:
 You were a Fighter, a level 8 human Valkyrie.
 You were neutral, on a mission for Odin
 who was opposed by Tyr (lawful) and Loki (chaotic).
 You were right-handed.
 You were in the Gnomish Mines, on level 13.
 You entered the dungeon 5310 turns ago.
 It was nighttime.
 There was a full moon in effect when your adventure ended.
 You had 2105 experience points, 455 more were needed to attain level 9.

Basics:
 You had 0 out of 78 hit points.
 You had all 20 energy points (spell power).
 Your armor class was -6.
 Your wallet contained 44 zorkmids, and
 you had 401 more stashed away in your pack.
 Autopickup was on for '$?!/="' plus thrown.

Final Characteristics:
 Your strength was 17 (limit:18/100).
 Your dexterity was 14 (limit:18).
 Your constitution was 18 (limit:18).
 Your intelligence was 8 (limit:18).
 Your wisdom was 9 (limit:18).
 Your charisma was 12 (limit:18).

Final Status:
 You were satiated.
 You were unencumbered.
 You were wielding a hammer.
 You were skilled in hammer.

Final Attributes:
 You were piously aligned.
 You were cold resistant.
 You were telepathic.
 You were stealthy.
 You were guarded.
 You were fast.
 You were lucky.
 You are dead.

Miscellaneous:
 You didn't encounter any bones levels.
 Total elapsed playing time was 54 minutes and 21 seconds.

Major events:
 Turn
    1: Kwijibo4686 the neutral human Valkyrie entered the dungeon
  553: attained the rank of Skirmisher (level 3)
 1983: entered the Gnomish Mines
 2345: was bestowed with Mjollnir by Odin
 2918: attained the rank of Fighter (level 6)
 3050: reached Mine Town
 5310: killed by a fire elemental

You didn't know any spells.

Skills:
 Fighting Skills
   bare handed combat [Unskilled]
   two weapon combat  [Unskilled]
   riding             [Unskilled]
 Weapon Skills
   dagger             [Basic]
   axe                [Unskilled]
   pick-axe           [Unskilled]
   short sword        [Unskilled]
   broadsword         [Unskilled]
   long sword         [Unskilled]
   two-handed sword   [Unskilled]
   saber              [Unskilled]
   hammer             [Skilled]
   quarterstaff       [Unskilled]
   polearms           [Unskilled]
   spear              [Basic]
   trident            [Unskilled]
   lance              [Unskilled]
   sling              [Unskilled]
 Spellcasting Skills
   attack spells      [Unskilled]
   escape spells      [Unskilled]

Voluntary challenges:
 Character rerolling was not enabled.
 You never genocided any monsters.
 You never polymorphed an object.
 You never changed form.
 You used no wishes.
Achievements:
 You attained the rank of Skirmisher.
 You entered a shop.
 You entered the Gnomish Mines.
 You attained the rank of Fighter.
 You entered Minetown.
 You entered a temple.

 The Dungeons of Doom: levels 1 to 6
    Level 1: "v"
       An altar to Odin, a sink, a grave.
    Level 2:
       A fountain.
    Level 3:
       A potion shop.
    Level 4:
       Stairs down to The Gnomish Mines.
    Level 5:
    Level 6:
       Some fountains.
 The Gnomish Mines: levels 5 to 13
    Level 5:
    Level 6:
    Level 7:
       Many shops, a temple and an altar, many fountains.
    Level 8:
    Level 9:
    Level 11:
    Level 12:
    Level 13: <- You were here.
       A fountain.
       Final resting place for
          you, killed by a fire elemental.


Vanquished creatures:
  a giant zombie
  a small mimic
  a carnivorous ape
  a chameleon
  a panther
  a giant spider
  3 gnome rulers
  a Green-elf
  a lizard
  a Woodland-elf
  a fire ant
  2 bugbears
  a wood nymph
  a mountain nymph
  2 rock piercers
  a rock mole
  a pony
  a fog cloud
  a yellow light
  2 shriekers
  2 violet fungi
 14 gnome leaders
  5 gnomish wizards
  2 gray oozes
  a giant ant
  a floating eye
 15 dwarves
  a kobold leader
  4 hill orcs
  4 rothes
 an iguana
 an acid blob
  a coyote
  9 hobbits
  a large kobold
  4 hobgoblins
  5 giant rats
  a brown mold
 52 gnomes
  4 garter snakes
  4 geckos
  8 jackals
  a fox
  a kobold
  2 sewer rats
  2 bats
  3 lichens
  6 newts
180 creatures vanquished.

No species were genocided or became extinct.

Game over:
                       ----------
                      /          \
                     /    REST    \
                    /      IN      \
                   /     PEACE      \
                  /                  \
                  |   Kwijibo4686    |
                  |      445 Au      |
                  | killed by a fire |
                  |    elemental     |
                  |                  |
                  |                  |
                  |       2026       |
                 *|     *  *  *      | *
        _________)/\\_//(\/(/\)/\//\/|_)_______

Farvel Kwijibo4686 the Valkyrie...

You died in The Gnomish Mines on dungeon level 13 with 9431 points,
and 445 pieces of gold, after 5310 moves.
You were level 8 with a maximum of 78 hit points when you died.

